 Dungeon Sprint DCSS version 0.28-a0-258-g8de209e91f (webtiles) character file.

Game seed: 170587782515934988

14766 MikeHunt the Brawler (level 11, -5/166 HPs)
             Began as a Minotaur Artificer on Aug 26, 2021.
             Was an Initiate of Gozag.
             Slain by a fire giant (20 damage)
             ... in the Dungeon (Sprint I: "Red Sonja").
             The game lasted 00:14:28 (3872 turns).

MikeHunt the Brawler (Minotaur Artificer)           Turns: 3872, Time: 00:14:29

Health: -5/166     AC: 18    Str: 20    XL:     11   Next: 93%
Magic:  10/10      EV: 19    Int:  8    God:    Gozag
Gold:   1023       SH:  0    Dex: 18    Spells: 10/10 levels left

rFire   . . .      SeeInvis +     - Unarmed
rCold   . . .      Faith    .   (no shield)
rNeg    + + .      Spirit   .   u - +5 ring mail of Kikubaaqudgha's Envy {rN+ Dex+4}
rPois   +          Reflect  .   (helmet restricted)
rElec   .          Harm     .   k - +0 cloak
rCorr   +          Rampage  .   s - +1 pair of gloves {Str+3}
Will    .....      NoTele   +   (no boots)
Stlth   ..........              o - amulet of regeneration
HPRegen 1.37/turn               p - ring of the Morning {Drain rPois rN+ rCorr SInv}
MPRegen 0.12/turn               (no ring)

@: berserking, gold aura, very quick
A: horns 2, retaliatory headbutt
a: Renounce Religion, Potion Petition, Call Merchant, Bribe Branch


You were in the Dungeon.
You worshipped Gozag.
Gozag was most pleased with you.
You visited 1 branch You collected 7365 gold pieces.
You spent 3001 gold pieces at shops.
You paid 3341 gold pieces to Gozag.

Inventory:

Missiles
 m - 4 curare-tipped darts
Armour
 k - a +0 cloak (worn)
 s - a +1 pair of gloves of strength (worn)
 u - the +5 ring mail of Kikubaaqudgha's Envy (worn) {rN+ Dex+4}
   (You bought it in a shop in the Dungeon)

   Dex:       It affects your dexterity (+4).
   rN:        It protects you from negative energy.
Jewellery
 o - an amulet of regeneration (around neck)
 p - the ring of the Morning (left hand) {Drain rPois rN+ rCorr SInv}
   (You bought it in a shop in the Dungeon)

   [ring of resist corrosion]

   rPois:     It protects you from poison.
   rN:        It protects you from negative energy.
   SInv:      It lets you see invisible.
   rCorr:     It protects you from acid and corrosion.
   Drain:     It drains your maximum health when unequipped.
Wands
 c - a wand of flame (5) (quivered)
 d - a wand of charming (9)
 q - a wand of acid (3)
Scrolls
 n - a scroll of fog
 r - a scroll of silence
 t - 2 scrolls of identify
Potions
 f - a potion of might
 g - a potion of berserk rage
 h - a potion of haste
 i - 2 potions of magic
 l - a potion of curing
Miscellaneous
 a - a piece from Xom's chessboard (15/15)
 b - a box of beasts
 e - a piece from Xom's chessboard (15/15)


   Skills:
 + Level 14.4 Fighting
 + Level 16.5 Armour
 + Level 13.3 Dodging
 - Level 0.7 Stealth
 + Level 17.7 Unarmed Combat
 + Level 10.8 Evocations


You had 10 spell levels left.
You didn't know any spells.
Your spell library was empty.

Dungeon Overview and Level Annotations

Branches:
Dungeon (1/1)

Altars:
Cheibriados
Dithmenos
Elyvilon
Fedhas
Gozag
Hepliaklqana
Kikubaaqudgha
Makhleb
Nemelex Xobeh
Okawaru
Qazlal
Ru
Sif Muna
Trog
Uskayaw
Vehumet
Wu Jian
Xom
Yredelemnul
Zin
The Shining One
Jiyva
Lugonu

Shops:
D !*=[[*


Innate Abilities, Weirdness & Mutations

You have a pair of horns on your head.
You reflexively headbutt those who attack you in melee.


Message History

You punch the fire giant!
You headbutt the fire giant, but do no damage.
You punch the fire giant!
The fire giant is heavily wounded.
The fire giant hits you with a +2 great sword of flaming!
The fire giant burns you.
Okay, then.
Unknown command. [a] - 299 gold - heal wounds, curing and berserk rage [b] - 280 gold - heal wounds and berserk rage [c] - 816 gold - resistance, might, haste, heal wounds and berserk rage Purchase which effect?
You feel much better.
You feel better.
A red film seems to cover your vision as you go berserk!
You feel yourself moving faster!
You feel mighty!
The fire giant hits you with a +0 great sword of flaming!!
The fire giant burns you.
The fire giant hits you with a +2 great sword of flaming!
The fire giant burns you.
You punch the fire giant!
The fire giant is heavily wounded.
The fire giant hits you with a +0 great sword of flaming!
The fire giant burns you.
You pummel the fire giant!!
The fire giant is severely wounded.
The fire giant casts a spell at you. The bolt of fire hits you!!!
* * * LOW HITPOINT WARNING * * *
You pummel the fire giant!!
You headbutt the fire giant, but do no damage.
The fire giant is almost dead.
The fire giant closely misses you. You furiously retaliate!
You headbutt the fire giant! You pummel the fire giant!!
You kill the fire giant!
You punch the fire giant!
The fire giant is moderately wounded.
The fire giant hits you with a +0 great sword of flaming!!
You die...
Your body crumbles into a pile of gold.

#...○.+..$$$##.#A#$#..≈$.#(#***+*
###..☼#.....#..###$#..≈$##+#,,,,*
'.#..○###++##.##..$#..≈##§§§§§,,,
#§#..###..###..#+###..≈#§§.§§§,,,
#.#..####..###...#,≈..##§...§§,,,
#§##'#..#°°#.###.#,≈..#.....D),,,
#§##.#....○....#.#*#..#.....)D§,,
§.####.°.○.....#.#,+,,##.......,,
#§#(.'..°...####@#^**'*#$$$$$$§§$
#§#####°..###..$C#,*≈≈≈**$$$$$$$$
'§#$$$#####...####,*≈≈≈≈**,,,,,$*
###,,,,.....##*,,,^*≈≈≈≈≈********
*,,,,,,.###**,,,,****≈≈≈≈*≈≈≈≈≈*,
*,$,,,,**^,,^,,,^*$$*'≈≈≈'≈≈,≈≈',
*,,,,,**,,,,,^,,,*$$$**≈≈*≈≈≈≈≈*≈
*$$$$$*,,^,,,,^,^*$$$$******'****
***********,^,^,,*$$$$*≈≈≈≈≈≈≈≈≈≈


You could see a fire giant.

Vanquished Creatures
  A fire giant (D)
  A lorocyproca (D)
  A deep elf annihilator (D)
  A hydra (D)
  2 centaur warriors (D)
  Sonja (D)
  A deep troll (D)
  2 hornets (D)
  A lindwurm (D)
  7 unseen horrors (D)
  2 merfolk sirens (D)
  An ogre (D)
  A gargoyle (D)
  2 kobold demonologists (D)
  4 demonic crawlers (D)
  13 hogs (D)
  3 floating eyes (D)
  7 necrophages (D)
  7 jellies (D)
  Ijyb (D)
59 creatures vanquished.

Vanquished Creatures (collateral kills)
  An oklob plant (D)
  A slime creature (D)
  Sigmund (D)
  2 redbacks (D)
  A yak (D)
  A jelly (D)
7 creatures vanquished.

Vanquished Creatures (others)
  A gargoyle (D)
  2 hornets (D)
  2 ballistomycete spores (D)
5 creatures vanquished.

Grand Total: 71 creatures vanquished

Notes
Turn   | Place    | Note
-------+----------+-------------------------------------------
     0 | D        | MikeHunt the Minotaur Artificer began the quest for the
                  | Orb.
     0 | D        | Reached XP level 1. HP: 16/16 MP: 0/0
     1 | D        | Noticed Ijyb
    11 | D        | Killed Ijyb
    12 | D        | Reached skill level 4 in Unarmed Combat
    12 | D        | Reached XP level 2. HP: 23/23 MP: 1/1
    61 | D        | Noticed an ogre
    67 | D        | Noticed Sigmund
    74 | D        | Killed Sigmund
    75 | D        | Reached skill level 6 in Unarmed Combat
    75 | D        | Reached XP level 3. HP: 12/28 MP: 2/2
    75 | D        | Reached XP level 4. HP: 15/35 MP: 3/3
    87 | D        | Found a shimmering blue altar of Sif Muna.
    88 | D        | Found an ornate altar of the Wu Jian Council.
    89 | D        | Found a radiant altar of Vehumet.
    92 | D        | Reached skill level 7 in Unarmed Combat
    98 | D        | Found Umaoffoli's General Store.
    98 | D        | Found an ancient bone altar of Kikubaaqudgha.
    98 | D        | Found a hazy altar of Hepliaklqana.
    98 | D        | Found a stormy altar of Qazlal.
    98 | D        | Found a hide-covered altar of Uskayaw.
    98 | D        | Found a blossoming altar of Fedhas.
    98 | D        | Found a bloodstained altar of Trog.
    98 | D        | Found an iron altar of Okawaru.
    98 | D        | Found a basalt altar of Yredelemnul.
    98 | D        | Found a glowing golden altar of the Shining One.
    98 | D        | Found a snail-covered altar of Cheibriados.
    98 | D        | Found a sacrificial altar of Ru.
    98 | D        | Found a glowing silver altar of Zin.
    98 | D        | Found a shadowy altar of Dithmenos.
    98 | D        | Found a white marble altar of Elyvilon.
    98 | D        | Noticed a yak
   101 | D        | Killed a yak
   102 | D        | Reached skill level 8 in Unarmed Combat
   102 | D        | Reached XP level 5. HP: 20/40 MP: 4/4
   106 | D        | Found a viscous altar of Jiyva.
   106 | D        | Found a corrupted altar of Lugonu.
   106 | D        | Noticed a slime creature
   107 | D        | Found a burning altar of Makhleb.
   107 | D        | Found a shimmering altar of Xom.
   116 | D        | Killed a slime creature
   117 | D        | Reached skill level 10 in Unarmed Combat
   117 | D        | Reached XP level 6. HP: 15/47 MP: 5/5
   123 | D        | Killed an ogre
   124 | D        | Reached skill level 11 in Unarmed Combat
   136 | D        | Found an opulent altar of Gozag.
   137 | D        | Found a sparkling altar of Nemelex Xobeh.
   141 | D        | Became a worshipper of Gozag Ym Sagoz the Greedy
   386 | D        | Bought a piece from Xom's chessboard (15/15) for 240 gold
                  | pieces
   401 | D        | Noticed Sonja
   411 | D        | Killed Sonja
   412 | D        | Reached XP level 7. HP: 10/69 MP: 6/6
   412 | D        | Reached XP level 8. HP: 11/75 MP: 7/7
   590 | D        | Killed a gargoyle
   745 | D        | Noticed a deep troll
   770 | D        | Killed a deep troll
   771 | D        | Reached skill level 10 in Fighting
   997 | D        | Found Wigeeg's Distillery.
  1005 | D        | Bought a potion of berserk rage for 65 gold pieces
  1005 | D        | Bought a potion of berserk rage for 65 gold pieces
  1005 | D        | Bought 2 potions of might for 104 gold pieces
  1005 | D        | Bought a potion of haste for 130 gold pieces
  1088 | D        | Noticed a kobold demonologist
  1090 | D        | Noticed a kobold demonologist
  1093 | D        | Paralysed by a floating eye for 3 turns
  1094 | D        | Noticed a soul eater
  1095 | D        | Noticed a soul eater
  1114 | D        | Killed a kobold demonologist
  1115 | D        | Reached skill level 12 in Unarmed Combat
  1117 | D        | Noticed a centaur warrior
  1121 | D        | Killed a kobold demonologist
  1122 | D        | Reached skill level 13 in Unarmed Combat
  1122 | D        | Reached XP level 9. HP: 38/86 MP: 8/8
  1377 | D        | Noticed a demonic crawler
  1377 | D        | Noticed a demonic crawler
  1377 | D        | Noticed a demonic crawler
  1377 | D        | Noticed a demonic crawler
  1398 | D        | Killed a demonic crawler
  1399 | D        | Reached skill level 14 in Unarmed Combat
  1406 | D        | Killed a demonic crawler
  1412 | D        | Killed a demonic crawler
  1413 | D        | Reached skill level 15 in Unarmed Combat
  1796 | D        | Noticed a lindwurm
  1805 | D        | Killed a lindwurm
  2305 | D        | Killed a demonic crawler
  2306 | D        | Reached skill level 10 in Armour
  2306 | D        | Reached XP level 10. HP: 31/94 MP: 9/9
  2816 | D        | Bought a scroll of fog for 24 gold pieces
  2818 | D        | Bought an amulet of regeneration for 450 gold pieces
  2818 | D        | Bought the ring of the Morning {Drain rPois rN+ rCorr SInv}
                  | for 510 gold pieces
  2833 | D        | Noticed a centaur warrior
  2844 | D        | Killed a centaur warrior
  2845 | D        | Reached skill level 10 in Dodging
  2851 | D        | Killed a centaur warrior
  2891 | D        | Noticed an oklob plant
  2901 | D        | Killed an oklob plant
  2902 | D        | Reached skill level 16 in Unarmed Combat
  2935 | D        | Killed a hornet
  3001 | D        | Found Nefudim's Armour Emporium.
  3030 | D        | Paralysed by a floating eye for 4 turns
  3037 | D        | Reached XP level 11. HP: 104/104 MP: 10/10
  3093 | D        | Reached skill level 15 in Armour
  3171 | D        | Bought 3 scrolls of identify for 72 gold pieces
  3211 | D        | Noticed a 12-headed hydra
  3212 | D        | Paralysed by a floating eye for 3 turns
  3215 | D        | HP: 3/105 [12-headed hydra (4)]
  3220 | D        | Killed a 12-headed hydra
  3335 | D        | Noticed a lorocyproca
  3355 | D        | Killed a lorocyproca
  3356 | D        | Reached skill level 17 in Unarmed Combat
  3579 | D        | Bought a +1 pair of gloves of strength for 198 gold pieces
  3584 | D        | Bought the +5 ring mail of Kikubaaqudgha's Envy {rN+ Dex+4}
                  | for 583 gold pieces
  3598 | D        | Bought a box of beasts for 560 gold pieces
  3716 | D        | Noticed a deep elf annihilator
  3738 | D        | Reached skill level 10 in Evocations
  3742 | D        | Killed a deep elf annihilator
  3758 | D        | Noticed a shadow dragon
  3759 | D        | Noticed a golden dragon
  3782 | D        | Noticed a daeva
  3853 | D        | Noticed a fire giant
  3854 | D        | Noticed a fire giant
  3871 | D        | Killed a fire giant
  3872 | D        | Slain by a fire giant

Illustrated notes

Levels and vault maps discovered:
D:        dungeon_sprint_1 [red_sonja_temple_1, red_sonja_temple_small_1]

Skill      XL: |  1  2  3  4  5  6  7  8  9 10 11 |
---------------+----------------------------------+-----
Unarmed Combat | 4 6 8 10 11 13 15 16 17 | 17.7
Evocations     | 4 6 7 9 10 | 10.8
Fighting       | 8 10 12 14 | 14.4
Dodging        | 7 9 11 13 | 13.3
Armour         | 10 14 16 | 16.5
Stealth        | |  0.7

Action                   |  1- 3 |  4- 6 |  7- 9 | 10-12 || total
-------------------------+-------+-------+-------+-------++-------
Melee: Club              |     9 |       |       |       ||     9
       Unarmed           |       |     5 |    70 |   151 ||   226
       Headbutt          |       |     1 |    11 |    44 ||    56
       Punch             |       |       |     5 |    13 ||    18
Invok: Potion Petition   |       |       |     2 |     2 ||     4
       Call Merchant     |       |       |       |     3 ||     3
Evoke: Wand              |     2 |     7 |     4 |     8 ||    21
       Piece from Xom's  |       |     2 |     2 |     1 ||     5
  Use: Potion            |     1 |     2 |     4 |     1 ||     8
       Scroll            |       |       |     1 |     3 ||     4
 Stab: Confused          |       |     1 |       |       ||     1
       Sleeping          |       |       |     1 |       ||     1
       Distracted        |       |       |       |     1 ||     1
Armor: Leather armour    |     2 |     1 |     8 |       ||    11
       Chain mail        |       |       |    14 |   108 ||   122
       Ring mail         |       |       |       |    50 ||    50
Dodge: Dodged            |     3 |     8 |    72 |    99 ||   182

Table legend: (Time is in decaauts)
 A = Elapsed time spent in this place.
 B = Non-inter-level travel time spent in this place.
 C = Inter-level travel time spent in this place.
 D = Time resting spent in this place.
 E = Time spent auto-exploring this place.
 F = Levels seen in this place.
 G = Mean time per level.
                   A        B        C        D        E       F      G
               +--------+--------+--------+--------+--------+-----+--------+
         Total |   3825 |   3682 |    143 |   2386 |      0 |   1 | 3825.0 |
       Dungeon |   3825 |   3682 |    143 |   2386 |      0 |   1 | 3825.0 |
               +--------+--------+--------+--------+--------+-----+--------+

Top non-repeatable levels by time:
       D: 3825 daAuts
